 Dungeon Crawl Stone Soup version 0.28.0 (webtiles) character file.

Game seed: 6693365503924704995

858 laceratedsky the Cleaver (level 7, -1/62 HPs)
             Began as a Minotaur Berserker on Feb 6, 2022.
             Was a Priest of Trog.
             Slain by PoweredByGinger's ghost (11 damage)
             ... on level 4 of the Dungeon.
             The game lasted 00:10:59 (3907 turns).

laceratedsky the Cleaver (Minotaur Berserker)       Turns: 3907, Time: 00:10:59

Health: -1/62      AC: 16    Str: 29    XL:     7   Next: 71%
Magic:  6/6        EV:  9    Int:  4    God:    Trog [***...]
Gold:   118        SH:  0    Dex: 10    Spells: 6/6 levels left

rFire   . . .      SeeInvis .   a - +0 hand axe
rCold   . . .      Faith    .   (no shield)
rNeg    . . .      Spirit   .   h - +0 chain mail
rPois   .          Reflect  .   (helmet restricted)
rElec   .          Harm     .   (no cloak)
rCorr   .          Rampage  .   e - +1 pair of gloves
Will    .....                   (no boots)
Stlth   ..........              (no amulet)
HPRegen 0.20/turn               d - +6 ring of strength
MPRegen 0.10/turn               j - +4 ring of protection

@: no status effects
A: horns 2, retaliatory headbutt
a: Renounce Religion, Berserk, Trog's Hand


You were on level 4 of the Dungeon.
You worshipped Trog.
Trog was most pleased with you.
You visited 1 branch of the dungeon, and saw 4 of its levels.
You also visited: Sewer.

You collected 118 gold pieces.

Inventory:

Hand Weapons
 a - a +0 hand axe (weapon)
Armour
 e - a +1 pair of gloves (worn)
 h - a +0 chain mail (worn)
Jewellery
 d - a +6 ring of strength (left hand)
 j - a +4 ring of protection (right hand)
 t - a ring of ice
Scrolls
 l - a scroll of teleportation {unknown}
 m - a scroll of brand weapon {unknown}
 o - a scroll of fog
 p - a scroll of acquirement {unknown}
 r - 2 scrolls of identify {unknown}
 u - a scroll of amnesia {unknown}
Potions
 b - a potion of haste {unknown}
 c - a potion of attraction {unknown}
 f - a potion of flight {unknown}
 g - 5 potions of heal wounds
 i - 2 potions of cancellation {unknown}
 k - 3 potions of might {unknown}
 n - a potion of resistance {unknown}
 q - a potion of degeneration {unknown}
 s - 3 potions of curing {unknown}


   Skills:
 + Level 5.8 Fighting
 + Level 8.1 Axes
 + Level 5.7 Armour
 + Level 3.2 Dodging
 + Level 0.4 Stealth


You had 6 spell levels left.
You didn't know any spells.
Your spell library was empty.

Dungeon Overview and Level Annotations

Branches:
Dungeon (4/15)              Sewer (visited)
 Temple: D:4-7

Altars:
Ashenzari
Fedhas
Gozag
Kikubaaqudgha

Annotations:
D:4 PoweredByGinger's ghost, amateur DsGl


Innate Abilities, Weirdness & Mutations

You have a pair of horns on your head.
You reflexively headbutt those who attack you in melee.


Message History

There is an open translucent gate here.
PoweredByGinger's ghost hits you but does no damage.
You see here 12 gold pieces.
You closely miss PoweredByGinger's ghost.
Your headbutt misses PoweredByGinger's ghost.
PoweredByGinger's ghost is moderately damaged.
PoweredByGinger's ghost hits you!
You hit PoweredByGinger's ghost. You headbutt PoweredByGinger's ghost!
PoweredByGinger's ghost is heavily damaged.
PoweredByGinger's ghost hits you!
* * * LOW HITPOINT WARNING * * *
You hit PoweredByGinger's ghost but do no damage.
PoweredByGinger's ghost is heavily damaged.
PoweredByGinger's ghost hits you but does no damage.
You barely miss PoweredByGinger's ghost.
PoweredByGinger's ghost is heavily damaged.
PoweredByGinger's ghost hits you.
* * * LOW HITPOINT WARNING * * *
It was a potion of heal wounds.
You feel much better. PoweredByGinger's ghost hits you.
You barely miss PoweredByGinger's ghost.
PoweredByGinger's ghost is heavily damaged.
PoweredByGinger's ghost hits you but does no damage.
You hit PoweredByGinger's ghost but do no damage.
You headbutt PoweredByGinger's ghost!
PoweredByGinger's ghost is severely damaged.
You closely miss PoweredByGinger's ghost.
You headbutt PoweredByGinger's ghost!
PoweredByGinger's ghost is almost destroyed.
PoweredByGinger's ghost hits you!
* * * LOW HITPOINT WARNING * * *
You hit PoweredByGinger's ghost.
Your headbutt misses PoweredByGinger's ghost.
PoweredByGinger's ghost is almost destroyed.
PoweredByGinger's ghost hits you.
* * * LOW HITPOINT WARNING * * *
You barely miss PoweredByGinger's ghost.
PoweredByGinger's ghost is almost destroyed.
PoweredByGinger's ghost hits you!
You die...

............#.. ......
#...###..####.# .##..
#######..####.#######..
#..........#.......
#######......#.......
##.8∩8.##.....#....†..
#∩..$..∩#.....#.......
#8$.8$.8##...##...##..
#..$_@..##'####...####
##[..W.##....#.....#
###'''##.....#.....#
#............#.....###
#............#.......#
####....####..###..##..
#.......#####.###..###.
##...........#.#.#.#.#.
#.....................


You could see PoweredByGinger's ghost.

Vanquished Creatures
  Sigmund (D:3)
  A phantom (D:4)
  2 bullfrogs (Sewer)
  A killer bee (D:4)
  A hound (D:4)
  4 jellies (D:4)
  A centaur skeleton (D:4)
  A hound skeleton (D:2)
  6 adders
  3 gnolls (D:2)
  5 river rats (Sewer)
  5 worms
  4 dart slugs
  An orc (D:3)
  7 endoplasms
  4 giant cockroaches
  6 hobgoblins
  2 jackals (D:3)
  6 quokkas
  13 ball pythons
  5 bats
  4 frilled lizards
  3 goblins (D:1)
  12 kobolds
  28 rats
126 creatures vanquished.

Notes
Turn   | Place    | Note
-------+----------+-------------------------------------------
     0 | D:1      | laceratedsky the Minotaur Berserker began the quest for the
                  | Orb.
     0 | D:1      | Reached XP level 1. HP: 19/19 MP: 0/0
   217 | D:1      | Reached XP level 2. HP: 21/27 MP: 1/1
   219 | D:1      | Reached skill level 4 in Axes
   332 | D:1      | Found a faded altar of an unknown god.
   781 | D:2      | Reached XP level 3. HP: 22/33 MP: 2/2
  1102 | D:2      | Reached ** piety under Trog
  1315 | D:2      | Found an ancient bone altar of Kikubaaqudgha.
  1319 | D:2      | Reached XP level 4. HP: 41/41 MP: 3/3
  1438 | D:2      | Reached skill level 5 in Axes
  1856 | D:3      | Found a glowing drain.
  1880 | Sewer    | Entered a sewer
  1927 | Sewer    | Reached XP level 5. HP: 39/47 MP: 4/4
  2082 | Sewer    | Reached skill level 5 in Fighting
  2084 | Sewer    | Reached *** piety under Trog
  2354 | Sewer    | Reached skill level 6 in Axes
  2362 | Sewer    | Reached XP level 6. HP: 31/56 MP: 5/5
  2836 | D:3      | Found a broken altar of Ashenzari.
  2934 | D:3      | Noticed Sigmund
  2946 | D:3      | Killed Sigmund
  2947 | D:3      | Reached skill level 7 in Axes
  2947 | D:3      | Reached XP level 7. HP: 47/61 MP: 6/6
  3065 | D:3      | Found a blossoming altar of Fedhas.
  3593 | D:4      | Reached skill level 5 in Armour
  3788 | D:4      | Found a runed translucent gate.
  3788 | D:4      | Found a runed translucent gate.
  3788 | D:4      | Found a runed translucent gate.
  3790 | D:4      | Found an opulent altar of Gozag.
  3798 | D:4      | Noticed PoweredByGinger's ghost (amateur DsGl)
  3890 | D:4      | Reached skill level 8 in Axes
  3907 | D:4      | Slain by PoweredByGinger's ghost

Illustrated notes

Levels and vault maps discovered:
D:1:      wander_arrival_estate, layout_loops_ring,
          ebering_ecumenical_altar_sacrificial
D:2:      layout_loops_cross, basic_altar, minmay_pentomino_pile
D:3:      layout_loops_corners, mainiacjoe_overflow_tiny_flanked,
          mainiacjoe_overflow_chevrons, cheibrodos_sewer_entry_sluice,
          minmay_misc_feat_secret_circle, uniq_sigmund
D:4:      layout_gridville, ebering_ghost_gozag, st_stairs_12

Skill      XL: |  1  2  3  4  5  6  7 |
---------------+----------------------+-----
Axes           | 4 5 6 7 8 |  8.1
Fighting       | 4 5 |  5.8
Armour         | 3 4 5 |  5.7
Dodging        | 3 |  3.2
Stealth        | |  0.4

Action                   |  1- 3 |  4- 6 |  7- 9 || total
-------------------------+-------+-------+-------++-------
Melee: Hand axe          |    82 |   150 |    73 ||   305
       Headbutt          |    12 |    14 |    17 ||    43
       Punch             |       |     2 |     1 ||     3
  Use: Scroll            |     4 |       |       ||     4
       Potion            |       |       |     1 ||     1
Armor: Animal skin       |     5 |       |       ||     5
       Chain mail        |    41 |   105 |    51 ||   197
Dodge: Dodged            |    40 |    95 |    36 ||   171
